 Dungeon Crawl Stone Soup version 0.19.0-2-gae57169 (webtiles) character file.

115 Jerry the Ogre Mage (level 5, -7/49 HPs)
             Began as an Ogre Fire Elementalist on Nov 3, 2016.
             Killed from afar by an orc wizard (9 damage)
             ... with a magic dart
             ... on level 3 of the Dungeon.
             The game lasted 00:04:33 (1290 turns).

Jerry the Ogre Mage (Ogre Fire Elementalist)        Turns: 1290, Time: 00:04:34

Health: -7/49      AC:  4    Str: 13    XL:     5   Next: 0%
Magic:  10/10      EV:  9    Int: 15    God:
Gold:   104        SH:  0    Dex: 10    Spells: 2 memorised, 8 levels left

rFire  . . .     SeeInvis .     d - +1 spear (freeze)
rCold  . . .     Gourm    .     a - +0 robe
rNeg   . . .     Faith    .     (no shield)
rPois  .         Spirit   .     (helmet restricted)
rElec  .         Reflect  .     g - +0 cloak
rCorr  +         Harm     .     (gloves unavailable)
MR     .....                    (boots unavailable)
Stlth  ++........               (no amulet)
                                r - ring of resist corrosion
                                j - ring of stealth

@: confused, drained
A: unfitting armour, tough skin 1
a: no special abilities


You were on level 3 of the Dungeon.
You were not hungry.

You visited 1 branch of the dungeon, and saw 3 of its levels.

You collected 104 gold pieces.

Inventory:

Hand Weapons
 d - a +1 spear of freezing (weapon)
Armour
 a - a +0 robe (worn)
 g - a +0 cloak (worn)
Jewellery
 j - a ring of stealth (left hand)
 r - a ring of resist corrosion (right hand)
Scrolls
 e - a scroll of identify {unknown}
 n - a scroll of remove curse {unknown}
 o - 2 scrolls of blinking {unknown}
 p - a scroll of amnesia {unknown}
 q - a scroll of teleportation {unknown}
Potions
 i - a potion of degeneration {unknown}
 k - a potion of mutation {unknown}
 l - a potion of agility
 t - a potion of flight {unknown}
Books
 b - a book of Flames

   Spells                             Type                      Level
   a - Flame Tongue                   Conjuration/Fire             1
   b - Throw Flame                    Conjuration/Fire             2
   c - Conjure Flame                  Conjuration/Fire             3
   d - Inner Flame                    Hexes/Fire                   3
   e - Sticky Flame                   Conjuration/Fire             4
   f - Fireball                       Conjuration/Fire             5
Comestibles
 c - 2 bread rations
 f - 2 slices of pizza
 h - 10 fruits
 m - 2 beef jerkies
 s - 2 chunks of flesh


   Skills:
 + Level 2.1(1.3) Fighting
 - Level 1.7(1.0) Dodging
 - Level 1.4(0.6) Stealth
 + Level 3.6(2.9) Spellcasting
 + Level 1.6(0.9) Conjurations
 + Level 2.8(2.0) Fire Magic


You had 8 spell levels left.
You knew the following spells:

 Your Spells              Type           Power        Failure   Level  Hunger
a - Flame Tongue          Conj/Fire      #....        12%         1    #......
b - Throw Flame           Conj/Fire      #.....       17%         2    ##.....


Dungeon Overview and Level Annotations

Branches:
Dungeon (3/15)

Altars:


Innate Abilities, Weirdness & Mutations

You are too large for most types of armour.
You have tough skin. (AC +1)


Message History

The magic dart hits you!
You completely miss something.
You hear some strange, mumbled words.
You are confused.
An adder comes into view.
The adder hisses angrily.
You're too confused to move!
Something hits you.
* * * LOW HITPOINT WARNING * * *
You feel drained.
* * * LOW HITPOINT WARNING * * *
You hear some strange, mumbled words.
A magic dart appears from out of thin air!
The magic dart hits you!
* * * LOW HITPOINT WARNING * * *
A magic dart appears from out of thin air!
The magic dart hits something.
You hear some strange, mumbled words.
A magic dart appears from out of thin air!
The magic dart hits you!
You die...

#....# ####### #....#
.##...## #....# .......##
#....# ........# #....#
........# #....# ........#
#....#
..<....#####....###########
.#.........#....@.†o.......
##.#######......###S.......
##)# ##.#.)## #...(....
...# #..#)# #...$.... .###
##...## #........ .# ##...#
#........ .#
##>............ .#
##..#......### ..
#...##...#


You could see an adder and an orc.

Vanquished Creatures
  A crimson imp (D:3)
  3 oozes
  2 dart slugs (D:1)
  2 leopard geckos (D:1)
  An orc (D:3)
  2 ball pythons
  A giant cockroach (D:1)
  5 goblins
  11 hobgoblins
  6 jackals
  2 quokkas
  5 bats
  2 frilled lizards
  5 kobolds
  8 rats
56 creatures vanquished.

Notes
Turn   | Place    | Note
-------+----------+-------------------------------------------
     0 | D:1      | Jerry the Ogre Fire Elementalist began the quest for the Orb.
     0 | D:1      | Reached XP level 1. HP: 16/16 MP: 3/3
   166 | D:1      | Reached XP level 2. HP: 18/26 MP: 5/5
   177 | D:1      | Reached skill level 3 in Spellcasting
   177 | D:1      | Reached skill level 1 in Conjurations
   182 | D:1      | Learned a level 2 spell: Throw Flame
   253 | D:1      | Reached skill level 1 in Fighting
   263 | D:1      | Reached XP level 3. HP: 29/33 MP: 7/7
   578 | D:2      | Found a faded altar of an unknown god.
   955 | D:2      | Reached XP level 4. HP: 39/42 MP: 9/9
  1283 | D:3      | Reached XP level 5. HP: 27/49 MP: 10/10
  1288 | D:3      | HP: 1/49 [something/magic dart (11)]
  1290 | D:3      | Killed from afar by an orc wizard

Skill      XL: |  1  2  3  4 |
---------------+-------------+-----
Spellcasting   | 3 |  3.6
Conjurations   | 1 |  1.6
Fighting       | 1 2 |  2.1
Dodging        | |  1.7
Stealth        | |  1.4
Fire Magic     | |  2.8

Action                   |  1- 3 |  4- 6 || total
-------------------------+-------+-------++-------
Melee: Spear             |   143 |    49 ||   192
 Cast: Throw Flame       |       |     2 ||     2
       Flame Tongue      |       |     1 ||     1
 Stab: Sleeping          |     1 |     3 ||     4
  Eat: Chunk             |       |     2 ||     2
Armor: Robe              |    47 |     6 ||    53
Dodge: Dodged            |    61 |    22 ||    83
